 Dungeon Crawl Stone Soup version 0.31-a0-4-gefa6de2278 (webtiles) character file.

Game seed: 6636028017178274888

5899 Dittersdorf the Blocker (level 10, -7/66 HPs)
             Began as a Gargoyle Fighter on May 3, 2023.
             Was a Believer of Okawaru.
             Mangled by a yak (8 damage)
             ... on level 8 of the Dungeon.
             The game lasted 00:12:46 (8456 turns).

Dittersdorf the Blocker (Gargoyle Fighter)          Turns: 8456, Time: 00:12:47

Health: -7/66      AC: 21    Str: 21    XL:     10   Next: 82%
Magic:  10/10      EV:  8    Int: 15    God:    Okawaru [**....]
Gold:   469        SH:  6    Dex: 14    Spells: 9/9 levels left

rFire   . . .        K - +3 whip "Zeobraip" {heavy, +Blink Str-3 Dex+5}
rCold   . . .        c - +0 buckler
rNeg    + . .        G - +0 chain mail
rPois   ∞            (no helmet)
rElec   +            A - +0 cloak
rCorr   .            H - +0 pair of gloves
SInv    .            (no boots)
Will    .....        a - amulet of the acrobat Stlth
                     w - +4 ring of slaying
HPRegen 0.31/turn    C - +6 ring of intelligence
MPRegen 0.12/turn

%: acrobat
@: no status effects
A: sickness immunity, AC +7, negative energy resistance 1, electricity
resistance, torment resistance 1, petrification resistance
a: Renounce Religion, Evoke Blink, Heroism


You were on level 8 of the Dungeon.
You worshipped Okawaru.
Okawaru was pleased with you.
You visited 2 branches of the dungeon, and saw 10 of its levels.

You collected 602 gold pieces.
You spent 133 gold pieces at shops.

Inventory:

Hand Weapons
 v - a +0 morningstar of holy wrath
 E - a +1 flail of draining
 K - the +3 whip "Zeobraip" (weapon) {heavy, +Blink Str-3 Dex+5}
   (You found it on level 8 of the Dungeon)

   Str:       It affects your strength (-3).
   Dex:       It affects your dexterity (+5).
   +Blink:    It lets you blink.
Missiles
 e - 3 curare-tipped darts (quivered)
 n - 2 throwing nets
Armour
 c - a +0 buckler (worn)
 A - a +0 cloak (worn)
 G - a +0 chain mail (worn)
 H - a +0 pair of gloves (worn)
Jewellery
 a - an amulet of the acrobat (around neck)
 w - a +4 ring of slaying (left hand)
 C - a +6 ring of intelligence (right hand)
 I - a ring of see invisible
 J - a ring of protection from cold
Wands
 p - a wand of digging (9)
 F - a wand of roots (1)
Scrolls
 b - a scroll of brand weapon {unknown}
 f - 2 scrolls of teleportation {unknown}
 g - a scroll of summoning {unknown}
 i - 3 scrolls of fear {unknown}
 j - 2 scrolls of amnesia {unknown}
 m - a scroll of vulnerability {unknown}
 q - 8 scrolls of identify {unknown}
 r - 2 scrolls of magic mapping {unknown}
 s - 2 scrolls of fog {unknown}
 u - a scroll of enchant weapon {unknown}
 x - a scroll of poison {unknown}
 y - a scroll of enchant armour {unknown}
 z - 4 scrolls of immolation {unknown}
Potions
 d - 2 potions of might
 h - 2 potions of lignification {unknown}
 k - a potion of haste
 l - 5 potions of curing {unknown}
 o - 2 potions of attraction {unknown}
 t - 5 potions of heal wounds {unknown}
 B - a potion of ambrosia {unknown}
 D - a potion of flight {unknown}


   Skills:
 + Level 9.4 Fighting
 + Level 8.2 Maces & Flails
 + Level 9.3 Armour
 + Level 9.4 Shields


You had 9 spell levels left.
You didn't know any spells.
Your spell library contained the following spells:

 Spells                   Type           Power      Damage    Failure   Level
 Lesser Beckoning         Tloc           0%         N/A       94%         2
 Poisonous Vapours        Pois/Air       0%         N/A       94%         2
 Gell's Gravitas          Tloc           0%         N/A       99%         3
 Inner Flame              Hex/Fire       0%         N/A       99%         3
 Mephitic Cloud           Conj/Pois/Air  0%         N/A       99%         3
 Teleport Other           Tloc           0%         N/A       99%         3
 Flame Wave               Conj/Fire      0%         2d4       100%        4
 Sticky Flame             Conj/Fire      0%         2d3       100%        4
 Freezing Cloud           Conj/Ice/Air   0%         6-21      100%        5
 Dispersal                Tloc           0%         N/A       100%        6
 Summon Ice Beast         Ice/Summ       Unusable   N/A       N/A         4
 Summon Mana Viper        Hex/Summ       Unusable   N/A       N/A         5
 Monstrous Menagerie      Summ           Unusable   N/A       N/A         7

Dungeon Overview and Level Annotations

Branches:
Dungeon (9/15)             Temple (1/1) D:5
   Lair: D:8-11         Orc: D:9-12

Altars:
Ashenzari
Dithmenos
Elyvilon
Fedhas
Gozag
Hepliaklqana
Kikubaaqudgha
Makhleb
Nemelex Xobeh
Okawaru
Qazlal
Ru
Sif Muna
Trog
Uskayaw
Vehumet
Wu Jian
Xom
Yredelemnul
Zin
The Shining One

Shops:
D:3 (   D:6 =


Innate Abilities, Weirdness & Mutations

You are immune to sickness and miasma.
Your stone body is resilient. (AC +7)
You are immune to poison.
You resist negative energy. (rN+)
You are resistant to electric shocks. (rElec)
You are resistant to unholy torment.
You are immune to petrification.


Message History

The orc warrior attacks as you move away!
You block the orc warrior's attack.
The orc warrior unwields a +0 trident.
The orc warrior wields a +0 sling.
The orc warrior shoots a sling bullet.
The sling bullet hits you but does no damage.
You block the yak's attack.
The orc shouts!
The yak attacks as you move away! The yak gores you but does no damage.
The yak attacks as you move away! The yak gores you but does no damage.
There is a stone staircase leading up here.
The orc warrior shoots a sling bullet.
The sling bullet hits you!
* * * LOW HITPOINT WARNING * * *
You block the yak's attack.
You climb upwards.
Reactivating autopickup.
There is a stone staircase leading down here.
You thrash the yak!!
The yak is heavily wounded.
The yak barely misses you. x2
You closely miss the yak.
The yak is heavily wounded.
The yak gores you but does no damage. x2
You hit the yak.
The yak is severely wounded.
The yak gores you but does no damage. The yak barely misses you.
You barely miss the yak.
The yak is severely wounded.
The yak gores you but does no damage. You block the yak's attack.
You hit the yak but do no damage.
The yak is severely wounded.
The yak gores you!
* * * LOW HITPOINT WARNING * * *
You block the yak's attack.
You barely miss the yak.
The yak is severely wounded.
The yak gores you but does no damage. The yak gores you.
* * * LOW HITPOINT WARNING * * *
You whack the yak!
The yak is almost dead.
The yak gores you but does no damage. The yak gores you!
You die...

...#...........#
......#.......##
......))......#
...#...###...###
...#)..........######
................(##.#
....................####
...............Y.#.....#
...............Y@#.....##
........................#
....#...................#
##.##...........^##.....#
#####.................###
##..................##
##.............#...###
..............###.##
...................##


You could see 2 yaks.

Vanquished Creatures
  Maggie (D:7)
  Psyche (D:8)
  2 yaks (D:9)
  Grum (D:8)
  A steam dragon (D:8)
  Menkaure (D:6)
  Edmund (D:6)
  2 water moccasins
  An orc warrior (D:6)
  2 sky beasts
  3 black bears
  2 ice beasts
  3 wolves (D:7)
  5 centaurs
  5 ogres
  2 phantoms
  2 kobold brigands
  4 bullfrogs
  A gnoll sergeant (D:8)
  5 scorpions
  3 wights (D:7)
  10 killer bees
  An electric eel (D:7)
  3 howler monkeys
  2 jellies
  2 hounds
  Crazy Yiuf (D:6)
  3 orc priests
  2 gnoll boudas
  Ijyb (D:3)
  3 sleepcaps
  3 iguanas
  3 orc wizards
  9 adders
  19 gnolls
  3 shadow imps
  3 ufetubi
  4 worms
  2 dart slugs
  36 orcs
  9 ball pythons
  3 endoplasms
  6 giant cockroaches
  11 goblins
  10 hobgoblins
  6 jackals
  17 kobolds
  7 quokkas
  6 bats
  9 frilled lizards
  3 rats
245 creatures vanquished.

Vanquished Creatures (others)
  28 fungi
  30 plants
  3 toadstools (D:8)
61 creatures vanquished.

Grand Total: 306 creatures vanquished

Notes
Turn   | Place    | Note
-------+----------+-------------------------------------------
     0 | D:1      | Dittersdorf the Gargoyle Fighter began the quest for the
                  | Orb.
     0 | D:1      | Reached XP level 1. HP: 14/14 MP: 1/1
    56 | D:1      | Reached XP level 2. HP: 19/19 MP: 2/2
   318 | D:1      | Reached XP level 3. HP: 23/23 MP: 3/3
   796 | D:2      | Noticed an ogre
   809 | D:2      | Killed an ogre
   810 | D:2      | Reached XP level 4. HP: 13/29 MP: 4/4
   810 | D:2      | Reached XP level 5. HP: 15/33 MP: 5/5
  1416 | D:3      | Found Oseudenk's Antique Weapon Boutique.
  1559 | D:3      | Noticed Ijyb
  1583 | D:3      | Killed Ijyb
  1584 | D:3      | Reached XP level 6. HP: 27/39 MP: 6/6
  1733 | D:3      | Found a hazy altar of Hepliaklqana.
  2161 | D:3      | Bought a runed morningstar for 133 gold pieces
  2596 | D:4      | Reached skill level 5 in Fighting
  2596 | D:4      | Reached skill level 5 in Armour
  2596 | D:4      | Reached skill level 5 in Shields
  2596 | D:4      | Reached XP level 7. HP: 30/44 MP: 7/7
  2984 | D:5      | Entered Level 5 of the Dungeon
  3097 | D:5      | Reached XP level 8. HP: 46/51 MP: 8/8
  3177 | D:5      | Found a staircase to the Ecumenical Temple.
  3188 | D:5      | Reached skill level 5 in Maces & Flails
  3209 | Temple   | Entered the Ecumenical Temple
  4074 | D:6      | Noticed Menkaure
  4079 | D:6      | Found Kuiquiji's Jewellery Shoppe.
  4080 | D:6      | Killed Menkaure
  4081 | D:6      | Reached XP level 9. HP: 34/56 MP: 9/9
  5018 | D:6      | Noticed Edmund
  5034 | D:6      | Killed Edmund
  5120 | D:6      | Found a runed translucent door.
  5121 | D:6      | Noticed Crazy Yiuf
  5327 | D:6      | Killed Crazy Yiuf
  5678 | D:7      | Found a radiant altar of Vehumet.
  6212 | D:7      | Reached XP level 10. HP: 61/64 MP: 10/10
  6395 | D:7      | Found an iron altar of Okawaru.
  6395 | D:7      | Found an ornate altar of the Wu Jian Council.
  6400 | D:7      | Became a worshipper of Warmaster Okawaru
  6611 | D:8      | Noticed Maggie
  6624 | D:8      | Noticed Grum
  6856 | D:7      | Killed Maggie
  7000 | D:8      | Killed Grum
  7000 | D:8      | Reached * piety under Okawaru
  7097 | D:8      | Noticed Psyche
  7106 | D:8      | Killed Psyche
  7353 | D:8      | Reached ** piety under Okawaru
  7413 | D:8      | Identified the +3 whip "Zeobraip" {heavy, +Blink Str-3
                  | Dex+5}
  7591 | D:8      | Identified the +0 cloak of Burnt Knowledge {Contam rElec
                  | rPois rC+++}
  7682 | D:8      | Found a sparkling altar of Nemelex Xobeh.
  7841 | D:8      | Identified the +7 plate armour of Untold Secrets {-Tele rF+
                  | Str+3 Int+4}
  8239 | D:9      | Identified the +0 chain mail of the Stallion {rF+ Will-
                  | Str+3}
  8272 | D:9      | Found a stormy altar of Qazlal.
  8455 | D:8      | HP: 1/66 [yak (5)]
  8456 | D:8      | Mangled by a yak

Illustrated notes

Levels and vault maps discovered:
D:1:      dpeg_arrival_rooms_a, layout_rooms
D:2:      layout_loops_ring
D:3:      layout_loops_cross, overflow_temple_1_default, serial_shops,
          nicolae_shop_dealshenge, uniq_ijyb
D:4:      minmay_bubble_buster, layout_rooms
D:5:      layout_cave_pools, minmay_temple_entry_large_hall,
          kennysheep_generic_room_4
D:6:      kennysheep_housing_project, layout_cave_pools, serial_shops, shop,
          chequers_arboretum, grunt_decor_clamped, uniq_menkaure, uniq_edmund,
          uniq_crazy_yiuf_cottage
D:7:      layout_loops_corners, nicolae_vehumet_altar_sigil,
          nicolae_overflow_two_pavilions
D:8:      layout_cave_pools, nemelex_diamond_rough_becter,
          minmay_stone_trees_small, minmay_gold_behind_fungi, uniq_grum,
          uniq_psyche, uniq_maggie
D:9:      layout_gridville, grunt_qazlal_clouds, grunt_lair_entry_orc_guard_hut
Temple:   nicolae_temple_bog_church

Skill      XL: |  1  2  3  4  5  6  7  8  9 10 |
---------------+-------------------------------+-----
Fighting       | 4 5 6 8 9 |  9.4
Maces & Flails | 3 4 5 7 8 |  8.2
Armour         | 4 5 6 8 9 |  9.3
Shields        | 4 5 6 8 9 |  9.4

Action                     |  1- 3 |  4- 6 |  7- 9 | 10-12 || total
---------------------------+-------+-------+-------+-------++-------
  Melee: Flail             |   109 |   128 |       |       ||   237
         Morningstar       |       |    80 |   340 |   168 ||   588
         Whip              |       |       |       |    49 ||    49
  Throw: Dart              |     1 |       |     1 |     1 ||     3
 Invoke: Heroism           |       |       |       |     2 ||     2
    Use: Scroll            |       |       |       |     1 ||     1
 Armour: Scale mail        |    73 |   129 |   216 |       ||   418
         Chain mail        |       |       |    36 |   233 ||   269
  Dodge: Dodged            |    60 |    98 |   258 |   196 ||   612
  Block: Buckler           |    24 |    39 |   114 |   106 ||   283

Table legend: (Time is in decaauts)
 A = Elapsed time spent in this place.
 B = Non-inter-level travel time spent in this place.
 C = Inter-level travel time spent in this place.
 D = Time resting spent in this place.
 E = Time spent auto-exploring this place.
 F = Levels seen in this place.
 G = Mean time per level.
                   A        B        C        D        E       F      G
               +--------+--------+--------+--------+--------+-----+--------+
         Total |   8677 |   8379 |    298 |   1043 |   5325 |  10 |  867.7 |
       Dungeon |   8391 |   8112 |    279 |   1043 |   5068 |   9 |  932.3 |
        Temple |    286 |    268 |     18 |      0 |    257 |   1 |  286.0 |
               +--------+--------+--------+--------+--------+-----+--------+

Top non-repeatable levels by time:
     D:6: 1623 daAuts
     D:7: 1472 daAuts
     D:8: 1076 daAuts
     D:3: 838 daAuts
     D:4: 836 daAuts
     D:2: 834 daAuts
     D:5: 655 daAuts
     D:1: 610 daAuts
     D:9: 443 daAuts
  Temple: 286 daAuts
